Airborne vs Terror

Match 39817121
End
Scout Squad
Selects Airborne Battlegroup
Selects Pathfinders
Construct Barracks
Riflemen Squad
Riflemen Squad
Engineer Squad
Riflemen Squad
Selects Paratrooper Squad Paradrop
Construct Medical Station
Infantry Support Center
Construct Motor Pool
M8 Greyhound Armored Car
Grenade Package
M1918 Browning Automatic Rifles
Engineer Squad
M1 Anti-tank Gun Team
Selects Recon Loiter
Selects Supply Drop
Selects Dual P-47 Rocket Strike
Dual P-47 Rocket Strike
Advanced Logistics
Selects Anti-tank Gun Team Paradrop
Construct Tank Depot
M1 Anti-tank Gun Team
M4A1 Sherman Medium Tank
Recon Loiter
Survival Training
Mortar Pit
Mortar Pit
Pathfinder Squad
Demolitions Package
Recon Loiter
Dual P-47 Rocket Strike
.30 cal Machine Gun
Engineer Squad
M18 Hellcat Tank Destroyer
M18 Hellcat Tank Destroyer
Dual P-47 Rocket Strike
M18 Hellcat Tank Destroyer
Recon Loiter
M18 Hellcat Tank Destroyer
Dual P-47 Rocket Strike
M4(105) Sherman Bulldozer
M4A1 Sherman Medium Tank
Recon Loiter
M4A1 Sherman Medium Tank
Engineer Squad
JZuna
ELVEN GOLD
0
0

Comments sign in to comment!

No comments posted yet!